 Dungeon Crawl Stone Soup version 0.28-a0-1117-g0bdd5ba030 (webtiles) character file.

Game seed: 3805144779725950067

535725 mainiacjoe the Slayer (level 25, -7/230 (232) HPs)
             Began as a Demonspawn Gladiator on Dec 11, 2021.
             Was the Champion of Okawaru.
             Shot with a bolt by a yaktaur captain (14 damage)
             ... on level 4 of the Vaults.
             The game lasted 03:33:07 (59990 turns).

mainiacjoe the Slayer (Demonspawn Gladiator)       Turns: 59990, Time: 03:33:08

HP:   -7/230 (232)  AC: 38    Str: 22 (24) XL:     25   Next: 10%
MP:   0/34          EV: 18    Int: 18      God:    Okawaru [******]
Gold: 5446          SH:  5    Dex: 14 (15) Spells: 24/24 levels left

rFire   + . .      SeeInvis .   w - +4 lajatang (vamp)
rCold   + . .      Faith    .   (shield currently unavailable)
rNeg    + . .      Spirit   +   V - +9 plate armour of the Gloaming {Drain Regen+ Int+4 Slay+5}
rPois   .          Reflect  +   (helmet unavailable)
rElec   +          Harm     .   X - +1 cloak of Utauheg {Will+}
rCorr   .          Rampage  +   F - +3 pair of gauntlets of War {Slay+5}
Will    +....                   S - +2 pair of boots {rampage}
Stlth   ..........              O - amulet of reflection
HPRegen 1.28/turn               z - ring "Jealo" {rElec rF+ rC+ Int+2 Stlth+}
MPRegen 0.48/turn               M - ring of Relativism {rN+ Slay+4}

@: about to teleport, weak-willed, heroic, finesse-ful, corroded, slowed,
lightly drained, repel missiles, very slow
A: horns 3, repulsion field 3, foul stench 3, torment resistance 1, magic
shield, magic regeneration, magic link, demonic willpower, deterioration 1
}: 2/15 runes: barnacled, gossamer
a: Renounce Religion, Heroism, Finesse, Duel


You were on level 4 of the Vaults.
You worshipped Okawaru.
Okawaru was exalted by your worship.
You visited 10 branches of the dungeon, and saw 47 of its levels.
You also visited: Gauntlet, Ice Cave and Desolation.

You collected 8602 gold pieces.
You spent 3156 gold pieces at shops.

Inventory:

Hand Weapons
 a - a +2 lajatang of speed
 b - a +2 triple crossbow of freezing
 f - the +8 hand crossbow of Disembowelment {penet, Int+4}
   (You acquired it on level 4 of the Shoals)

   Any ammunition fired by it passes through the targets it hits, potentially
   hitting all targets in its path until it reaches maximum range.
   Int:       It affects your intelligence (+4).
 k - the +5 quarterstaff "Aqay" {speed, rPois rN++}
   (Okawaru gifted it to you on level 3 of the Depths)

   Attacks with this weapon are significantly faster.
   rPois:     It protects you from poison.
   rN:        It greatly protects you from negative energy.
 w - a +4 vampiric lajatang (weapon)
 I - the +7 lajatang of Order {silver, rMut}
   (You found it on level 3 of the Depths)

   It inflicts extra damage upon those it strikes, and deals substantially
   increased damage to chaotic, mutated and magically transformed beings.
   rMut:      It protects you from mutation.
 L - the +6 arbalest "Damnation" {damnation}
   (Okawaru gifted it to you on level 1 of the Crypt)

   Any ammunition fired from it explodes in a burst of damnation on striking a
   foe, dealing damage which bypasses armour.
Missiles
 d - 6 throwing nets {=F}
 G - 1268 bolts
Armour
 F - the +3 pair of gauntlets of War (worn) {Slay+5}
   (You acquired it on level 1 of the Crypt)

   Slay:      It affects your accuracy & damage with ranged weapons and melee
   (+5).
 H - the +0 cloak of Free Will {rF+ rC+ Regen+}
   (Okawaru gifted it to you on level 4 of the Lair of Beasts)

   rF:        It protects you from fire.
   rC:        It protects you from cold.
   Regen:     It increases your rate of health regeneration.
 S - a +2 pair of boots of rampaging (worn)
 V - the +9 plate armour of the Gloaming (worn) {Drain Regen+ Int+4 Slay+5}
   (You bought it in a shop on level 2 of the Orcish Mines)

   Int:       It affects your intelligence (+4).
   Slay:      It affects your accuracy & damage with ranged weapons and melee
   (+5).
   Regen:     It increases your rate of health regeneration.
   Drain:     It drains your maximum health when unequipped.
 X - the +1 cloak of Utauheg (worn) {Will+}
   (You bought it in a shop on level 2 of the Elven Halls)

   Will:      It increases your willpower.
Jewellery
 n - a ring of see invisible
 o - an amulet of regeneration
 y - a +4 ring of protection
 z - the ring "Jealo" (left hand) {rElec rF+ rC+ Int+2 Stlth+}
   (You found it on level 3 of the Crypt)

   [ring of protection from cold]

   Int:       It affects your intelligence (+2).
   rF:        It protects you from fire.
   rC:        It protects you from cold.
   rElec:     It insulates you from electricity.
   Stlth:     It makes you more stealthy.
 E - the ring of Youthful Indiscretion {rElec rF+ rCorr Str+4 Dex-2}
   (You found it on level 3 of the Crypt)

   [ring of protection from fire]

   Str:       It affects your strength (+4).
   Dex:       It affects your dexterity (-2).
   rF:        It protects you from fire.
   rElec:     It insulates you from electricity.
   rCorr:     It protects you from acid and corrosion.
 M - the ring of Relativism (right hand) {rN+ Slay+4}
   (You found it on level 6 of the Lair of Beasts)

   [ring of slaying]

   Slay:      It affects your accuracy & damage with ranged weapons and melee
   (+4).
   rN:        It protects you from negative energy.
 O - an amulet of reflection (around neck)
 Q - the ring "Sebub" {rN+ EV+4}
   (You found it on level 3 of the Depths)

   [ring of evasion]

   EV:        It affects your evasion (+4).
   rN:        It protects you from negative energy.
 T - the ring "Yrecajo" {rElec rF+++ rC+ Str-5 Dex+6}
   (You found it in the Desolation of Salt)

   [ring of dexterity]

   Str:       It affects your strength (-5).
   Dex:       It affects your dexterity (+6).
   rF:        It renders you almost immune to fire.
   rC:        It protects you from cold.
   rElec:     It insulates you from electricity.
Wands
 p - a wand of digging (15)
 q - a wand of mindburst (7)
 v - a wand of acid (4)
 B - a wand of iceblast (22)
 P - a wand of paralysis (34)
 R - a wand of polymorph (13)
Scrolls
 e - 6 scrolls of silence
 h - 8 scrolls of fear
 l - 9 scrolls of immolation
 m - 4 scrolls of vulnerability
 s - 10 scrolls of fog
 J - 17 scrolls of teleportation
 K - 2 scrolls of blinking
Potions
 c - 4 potions of resistance
 g - 5 potions of lignification
 i - 14 potions of curing
 j - 8 potions of haste
 t - 3 potions of flight
 u - 5 potions of berserk rage
 A - 7 potions of attraction
 C - 5 potions of cancellation
 D - a potion of heal wounds
 N - 5 potions of might
 U - 2 potions of invisibility
 W - 6 potions of ambrosia
 Z - 2 potions of magic
Miscellaneous
 r - a lightning rod (4/4)
 x - a tin of tremorstones (2/2)
 Y - a condenser vane


   Skills:
 + Level 26.8(27) Fighting
 - Level 2.0(14.2) Polearms
 - Level 13.9(19.0) Staves
 - Level 21.0(26.0) Crossbows
 - Level 1.7(6.7) Throwing
 - Level 20.0(25.0) Armour
 - Level 10.0(15.0) Dodging
 - Level 15.0 Invocations
 - Level 15.0 Evocations


You had 24 spell levels left.
You didn't know any spells.
Your spell library contained the following spells:

 Spells                   Type           Power      Damage    Failure   Level
 Apportation              Tloc           0%         N/A       67%         1
 Beastly Appendage        Tmut           0%         N/A       67%         1
 Freeze                   Ice            0%         1d3       67%         1
 Magic Dart               Conj           0%         1d3       67%         1
 Pain                     Necr           0%         1d4       67%         1
 Sandblast                Erth           0%         2d4       67%         1
 Shock                    Conj/Air       0%         1d3       67%         1
 Sting                    Tmut/Pois      0%         1d3       67%         1
 Corpse Rot               Necr/Air       0%         N/A       82%         2
 Ensorcelled Hibernation  Hex/Ice        0%         N/A       82%         2
 Passwall                 Tmut/Erth      0%         N/A       82%         2
 Poisonous Vapours        Pois/Air       0%         N/A       82%         2
 Static Discharge         Conj/Air       0%         N/A       82%         2
 Sublimation of Blood     Necr           0%         N/A       82%         2
 Wereblood                Tmut           0%         N/A       82%         2
 Frozen Ramparts          Ice            0%         1d2       96%         3
 Ignite Poison            Fire/Tmut/Pois 0%         N/A       96%         3
 Mephitic Cloud           Conj/Pois/Air  0%         N/A       96%         3
 Spider Form              Tmut/Pois      0%         N/A       96%         3
 Stone Arrow              Conj/Erth      0%         3d7       96%         3
 Swiftness                Air            0%         N/A       96%         3
 Vampiric Draining        Necr           0%         2d6       96%         3
 Airstrike                Air            0%         N/A       100%        4
 Cause Fear               Hex            0%         N/A       100%        4
 Dispel Undead            Necr           0%         3d6       100%        4
 Hailstorm                Conj/Ice       0%         3d3       100%        4
 Ice Form                 Ice/Tmut       0%         N/A       100%        4
 Olgreb's Toxic Radiance  Pois           0%         N/A       100%        4
 Passage of Golubria      Tloc           0%         N/A       100%        4
 Petrify                  Tmut/Erth      0%         N/A       100%        4
 Sticky Flame             Conj/Fire      0%         2d3       100%        4
 Agony                    Necr           0%         N/A       100%        5
 Blade Hands              Tmut           0%         N/A       100%        5
 Excruciating Wounds      Necr           0%         N/A       100%        5
 Fireball                 Conj/Fire      0%         3d3       100%        5
 Freezing Cloud           Conj/Ice/Air   0%         6-21      100%        5
 Irradiate                Conj/Tmut      0%         3d13      100%        5
 Iskenderun's Battlesphe  Conj           0%         2d6       100%        5
 Metabolic Englaciation   Hex/Ice        0%         N/A       100%        5
 Yara's Violent Unravell  Hex/Tmut       0%         3d3       100%        5
 Conjure Ball Lightning   Conj/Air       0%         3x3d6     100%        6
 Eringya's Noxious Bog    Tmut/Pois      0%         N/A       100%        6
 Iron Shot                Conj/Erth      0%         9d1       100%        6
 Dragon Form              Tmut           0%         N/A       100%        7
 Orb of Destruction       Conj           0%         N/A       100%        7
 Storm Form               Tmut/Air       0%         N/A       100%        7
 Borgnjor's Revivificati  Necr           0%         N/A       100%        8
 Lehudib's Crystal Spear  Conj/Erth      0%         10d2      100%        8
 Maxwell's Capacitive Co  Air            0%         ∞         100%        8
 Necromutation            Tmut/Necr      0%         N/A       100%        8
 Death's Door             Necr           0%         N/A       100%        9
 Animate Skeleton         Necr           Unusable   N/A       N/A         1
 Summon Small Mammal      Summ           Unusable   N/A       N/A         1
 Call Imp                 Summ           Unusable   N/A       N/A         2
 Summon Guardian Golem    Hex/Summ       Unusable   N/A       N/A         3
 Tukima's Dance           Hex            Unusable   N/A       N/A         3
 Animate Armour           Summ/Erth      Unusable   N/A       N/A         4
 Summon Lightning Spire   Summ/Air       Unusable   N/A       N/A         4
 Simulacrum               Ice/Necr       Unusable   N/A       N/A         6
 Haunt                    Necr/Summ      Unusable   N/A       N/A         7
 Infestation              Necr           Unusable   N/A       N/A         8

Dungeon Overview and Level Annotations

Branches:
Dungeon (15/15)            Temple (1/1) D:5            Lair (6/6) D:11
 Shoals (4/4) Lair:2       Spider (4/4) Lair:2        Slime (0/5) Lair:6
    Orc (2/2) D:12            Elf (3/3) Orc:2        Vaults (5/5) D:14
  Crypt (3/3) Vaults:3       Tomb (0/3) Crypt:3      Depths (4/4) D:15
    Zot (0/5) Depths:4      IceCv (visited)         Desolation (visited)
Gauntlet (visited)

Altars:
Ashenzari
Cheibriados
Dithmenos
Elyvilon
Fedhas
Gozag
Hepliaklqana
Kikubaaqudgha
Makhleb
Nemelex Xobeh
Okawaru
Qazlal
Ru
Sif Muna
Trog
Uskayaw
Vehumet
Wu Jian
Xom
Yredelemnul
Zin
The Shining One
Jiyva
Lugonu

Shops:
D:1 [   D:2 (   D:7 *   D:9 *   Orc:2 ?!([   Elf:2 [[:(!   Elf:3 !   Shoals:2 !
Vaults:2 :   Vaults:3 :   Depths:3 *=

Portals:
Hell: Depths:1 Depths:2 Depths:3 Depths:4
Abyss: Depths:2 Depths:3 Depths:4
Pandemonium: Depths:2
Ziggurat: Depths:1

Annotations:
Shoals:1 3 runed translucent doors, finalsalamander's ghost, adept HOMo
Spider:3 2 transporters, oldmanjim's ghost, adept HOFi
Depths:4 exclusion: upstairs


Innate Abilities, Weirdness & Mutations

You have a pair of large horns on your head.
You are surrounded by a strong repulsion field. (EV +4, RMsl)
You frequently emit foul miasma when damaged in melee.
You are resistant to unholy torment.
When hurt, damage is shared between your health and your magic reserves.
You regenerate magic rapidly.
When low on magic, you restore magic in place of health.
You punish those that try to bend your will. (Will+)
Your body sometimes deteriorates upon taking damage.


Message History

Deactivating autopickup; reactivate with Ctrl-A.
Something hits you! Something drains your vigour!
You feel yourself slow down.
You emit a cloud of foul miasma!
The titan hits you!
You emit a cloud of foul miasma!
The yaktaur captain hits you!
You emit a cloud of foul miasma!
The great orb of eyes changes into a boulder beetle!
The yaktaur captain is engulfed in dark miasma.
The yaktaur captain is poisoned.
The yaktaur captain hits you but does no damage.
Something barely misses you. Something hits you but does no damage.
The boulder beetle changes into a deep troll!
The yaktaur captain is engulfed in dark miasma.
The yaktaur captain looks even sicker.
The yaktaur captain hits you but does no damage.
Something touches you but does no damage.
The titan waves its arms in wide circles.
The air twists around and strikes you.
The yaktaur captain is engulfed in dark miasma.
The yaktaur captain looks even sicker.
The yaktaur captain closely misses you.
As you read the scroll of teleportation, it crumbles to dust.
You feel strangely unstable.
The deep troll changes into a water nymph!
Something touches you but does no damage. x2
The yaktaur captain is engulfed in dark miasma.
The yaktaur captain looks as sick as possible!
The yaktaur captain seems to slow down.
The yaktaur captain hits you but does no damage.
The vault guard howls, "Help!"
The vault guard seems to regain its courage.
You hear some strange, mumbled words.
A bolt of acid appears from out of thin air!
The bolt of acid hits you!!!!
* * * LOW HITPOINT WARNING * * *
The acid corrodes you!
The yaktaur captain is engulfed in dark miasma.
The yaktaur captain looks as sick as possible!
The yaktaur captain seems to slow down.
The yaktaur captain wields a +0 arbalest.
The yaktaur captain shoots a bolt.
The bolt hits you!
You die...

#..# #......# #....##.
#..# #....:.# #....##.
#..# #......# #....##.
#..# #......# #....###
#..#####'###'######....##.
#..p..................['..
#....☼.C...............##)
#....m.c...............###
#.....○{{@.............##)
#..################....##.
#..# #....##. #..# #######
#....##. #..######.....#
#....### #..##..#....#.#
#....# #..##.....#...#
#....# #..##.........#
#....# #..##......#..#
#....#


You could see a titan, a yaktaur captain (extremely poisoned, slow), a vault
guard and a water nymph shaped shifter.

Vanquished Creatures
  Mara (Shoals:3)
  Sojobo (Crypt:3)
  A royal mummy (Crypt:3)
  Bai Suzhen (Shoals:3)
  Frederick (Arena)
  Boris (twice) (Depths:3 Vaults:4)
  Xtahua (Crypt:3)
  Saint Roka (Depths:4)
  A golden dragon (Vaults:4)
  2 caustic shrikes
  Jory (Crypt:2)
  The ghost of Naexzyxton the Phalangite, a veteran MfWn of Elyvilon (Crypt:1)
  Nikola (Spider:1)
  A tentacled monstrosity (Depths:3)
  Rupert (D:15)
  5 liches
  2 deep elf master archers (Elf:3)
  A kraken (Shoals:1)
  3 deep elf blademasters
  2 walking divine tomes
  2 titans (Depths:2)
  Gastronok (Lair:3)
  Agnes (Spider:3)
  7 ancient champions
  7 tengu reavers
  11 sphinxes
  2 storm dragons
  Kirke (Lair:6)
  A shadow dragon (Depths:2)
  Ilsuiw (Shoals:3)
  Donald (Shoals:1)
  8 fire giants
  2 revenants
  A daeva (Depths:3)
  8 frost giants
  A balrug (Depths:1)
  13 deep elf sorcerers (Elf:3)
  2 imperial myrmidons (Desolation)
  5 draconian stormcallers (Depths:4)
  3 deep elf elementalists (Elf:3)
  An emperor scorpion (Spider:4)
  3 iron dragons
  4 ghost moths (Spider:4)
  4 spriggan defenders (Depths:2)
  4 orc warlords
  17 vault wardens
  3 curse skulls
  21 very ugly things
  2 war gargoyles (Vaults:4)
  16 ironbound preservers
  19 stone giants
  A quicksilver ooze (Gauntlet)
  6 vampire knights
  6 deep elf demonologists
  A red draconian (Depths:4)
  2 white draconians (Depths:4)
  A green draconian (Depths:4)
  7 deep elf annihilators (Elf:3)
  3 minotaurs
  Azrael (D:15)
  10 spark wasps
  16 dire elephants
  A halazid warlock (Desolation)
  9 entropy weavers
  Snorg (Lair:3)
  11 ettins
  5 eidola
  2 crystal guardians (Desolation)
  9 deep elf death magi
  17 ragged hierophants (Desolation)
  Josephine (Orc:2)
  4 fire dragons
  5 mummy priests
  10 deep elf high priests
  7 merfolk impalers
  A fenstrider witch zombie (Crypt:2)
  12 ice dragons
  2 jiangshi (Crypt:1)
  8 yaktaur captains
  An ironbound thunderhulk (Vaults:3)
  29 vault guards
  11 great orbs of eyes
  7 servants of whispers (Desolation)
  A rakshasa (Depths:1)
  A quicksilver dragon skeleton (Crypt:1)
  2 ogre magi (Orc:2)
  11 peacekeepers
  4 hydras
  2 alligator snapping turtles
  A boulder beetle (D:15)
  5 spriggan air magi (Depths:2)
  9 ironbound frosthearts
  9 centaur warriors
  27 dancing weapons
  A merfolk avatar (Shoals:4)
  2 fenstrider witch skeletons (Crypt:1)
  3 death knights
  11 satyrs
  10 tengu warriors
  7 deep troll shamans
  2 merfolk aquamancers
  12 two-headed ogres
  3 deep troll earth magi
  7 vampire magi
  A death yak (Lair:6)
  A hell hog (Depths:3)
  An orc high priest (Vaults:1)
  6 spriggan berserkers (Depths:2)
  11 hell knights
  2 titan zombies (Crypt:3)
  21 deep elf knights
  A soul eater (Crypt:3)
  4 sun demons
  A storm dragon zombie (Crypt:2)
  14 skeletal warriors
  A salamander mystic (Depths:4)
  The ghost of math4jedi the Chopper, a novice HOFi of Beogh (D:7)
  8 sea snakes
  2 shadow wraiths
  6 iron trolls
  A titan skeleton (Vaults:3)
  A spectral anaconda (Lair:6)
  An anaconda zombie (Crypt:1)
  A bog body (IceCv)
  59 deep trolls
  3 flayed ghosts
  A death drake (shapeshifter) (Depths:2)
  12 deep elf archers
  15 lindwurms
  11 phantasmal warriors
  3 glowing orange brains
  2 bunyip skeletons
  28 ironbound convokers
  A golden dragon zombie (Crypt:3)
  An obsidian statue (Lair:6)
  17 harpies
  27 deep elf pyromancers
  29 deep elf zephyrmancers
  2 frost giant zombies
  17 wizards
  22 necromancers
  A harpy (shapeshifter) (D:15)
  A tengu skeleton (Vaults:3)
  16 orc knights
  2 oklob plants (Lair:1)
  32 wolf spiders
  5 salamanders
  9 cyclopes
  23 manticores
  A faun (shapeshifter) (Depths:4)
  50 ugly things
  17 orb spiders
  29 fauns
  2 moths of wrath (Spider:4)
  6 orc sorcerers
  An iron dragon skeleton (Crypt:2)
  2 sphinx skeletons
  21 elephants
  4 human skeletons (Vaults:3)
  A frost giant skeleton (Depths:2)
  4 stone giant skeletons
  9 merfolk sirens
  A goliath frog skeleton (Crypt:2)
  2 ice statues (IceCv)
  A guardian serpent (shapeshifter) (D:14)
  A black mamba (Lair:2)
  2 fire giant skeletons (Vaults:3)
  6 water nymphs
  A naga mage (D:15)
  16 vault sentinels
  2 spriggan zombies
  2 spriggan skeletons
  7 guardian serpents (Desolation)
  19 cane toads
  2 centaur skeletons (D:15)
  5 molten gargoyles
  A torpor snail (shapeshifter) (Depths:3)
  A yaktaur zombie (Vaults:3)
  3 gargoyles
  A red draconian zombie (Crypt:1)
  3 torpor snails
  3 kobold demonologists
  An efreet (D:14)
  11 komodo dragons
  An unseen horror (shapeshifter) (Elf:2)
  36 yaktaurs
  A purple draconian zombie (Crypt:1)
  Psyche (D:9)
  2 rime drakes
  A catoblepas zombie (Crypt:1)
  A death yak zombie (Crypt:2)
  5 ice devils (IceCv)
  An anaconda simulacrum (IceCv)
  3 entropy weaver simulacra (IceCv)
  A grey draconian skeleton (Crypt:1)
  7 freezing wraiths
  11 demonic crawlers
  A black draconian skeleton (Crypt:1)
  2 tengu conjurers
  5 yaktaur skeletons (Vaults:3)
  25 guardian mummies (Crypt:3)
  17 trolls
  21 merfolk
  A red draconian skeleton (Crypt:1)
  35 jumping spiders
  27 blink frogs
  15 hornets
  A harpy zombie (Crypt:1)
  3 polar bears
  34 slime creatures
  10 wind drakes
  3 harpy skeletons
  Prince Ribbit (D:5)
  An alligator zombie (Crypt:2)
  A wolf spider simulacrum (D:15)
  A wind drake (shapeshifter) (Depths:2)
  75 saltlings (Desolation)
  A sphinx simulacrum (Vaults:4)
  A fire giant simulacrum (Depths:2)
  6 snapping turtles
  20 dream sheep
  A meliai zombie (D:11)
  An ettin skeleton (Vaults:3)
  A slime creature (shapeshifter) (Vaults:4)
  3 air elementals
  A centaur simulacrum (Crypt:1)
  17 water elementals
  A black mamba zombie (Crypt:2)
  12 flying skulls
  4 spriggans (Depths:2)
  2 shadows
  71 redbacks
  14 wraiths
  A vampire (D:13)
  2 dire elephant simulacra (IceCv)
  6 ushabtiu (Crypt:3)
  A spriggan (shapeshifter) (D:14)
  2 wyverns
  5 hogs (Lair:6)
  31 tarantellas
  44 yaks
  A basilisk (Lair:6)
  7 fire elementals
  3 vampire mosquitoes (D:12)
  A death yak simulacrum (Lair:6)
  2 steam dragons
  A redback simulacrum (D:15)
  4 harpy simulacra (IceCv)
  A deep troll zombie (Crypt:3)
  2 wargs (D:11)
  3 acid dragons
  A two-headed ogre skeleton (Crypt:2)
  14 water moccasins
  A hell hound (D:15)
  A naga skeleton (Crypt:3)
  A floating eye (Depths:2)
  A swamp dragon zombie (Crypt:1)
  42 orc warriors
  An ogre skeleton (Vaults:3)
  A cane toad skeleton (Crypt:1)
  3 sky beasts
  2 black bears
  A hornet zombie (D:15)
  A fire dragon simulacrum (Crypt:1)
  3 elephant zombies (Lair:6)
  2 ice beasts
  A necrophage (D:6)
  8 boggarts
  23 wolves
  2 dream sheep skeletons
  19 ogres
  19 centaurs
  3 phantoms
  9 kobold brigands
  6 bullfrogs
  A bullfrog (shapeshifter) (Gauntlet)
  A wyvern zombie (D:8)
  5 scorpions
  A cane toad simulacrum (IceCv)
  An earth elemental (Elf:1)
  A gnoll sergeant (D:8)
  A two-headed ogre simulacrum (IceCv)
  A palentonga skeleton (Crypt:3)
  A polar bear zombie (Crypt:3)
  A water moccasin skeleton (Crypt:1)
  20 wights
  4 howler monkeys
  5 electric eels (Spider:2)
  5 centaur zombies
  A bullfrog zombie (D:5)
  5 quasits (D:7)
  5 hounds
  2 jellies
  22 orc priests
  A black bear skeleton (Crypt:2)
  4 iguanas
  22 orc wizards
  A scorpion zombie (D:3)
  3 spriggan simulacra (IceCv)
  A killer bee zombie (D:6)
  A felid zombie (Crypt:3)
  9 mummies (Crypt:3)
  A howler monkey zombie (Crypt:3)
  3 gnolls (D:8)
  12 adders
  2 naga simulacra (IceCv)
  3 white imps
  An ufetubus (D:7)
  A lava snake zombie (Crypt:1)
  68 orcs
  8 bats
  9 endoplasms
  2 giant cockroaches
  6 hobgoblins
  5 quokkas
  2 ball pythons (D:3)
  A frilled lizard (D:2)
  6 goblins
  30 kobolds
  3 rats
  A rat skeleton (Crypt:1)
  5 tentacles (Shoals:1)
2283 creatures vanquished.

Vanquished Creatures (others)
  A lich (Crypt:3)
  3 deep elf knights (Elf:1)
  A deep elf pyromancer (Elf:1)
  A necromancer (Depths:1)
  An orc (D:10)
  34 fungi
  123 plants
  11 tentacles (Shoals:1)
  14 withered plants (Lair:6)
189 creatures vanquished.

Grand Total: 2472 creatures vanquished

Notes
Turn   | Place    | Note
-------+----------+-------------------------------------------
     0 | D:1      | mainiacjoe the Demonspawn Gladiator began the quest for the
                  | Orb.
     0 | D:1      | Reached XP level 1. HP: 16/16 MP: 1/1
   348 | D:1      | Gained mutation: You may rarely emit foul miasma when
                  | damaged in melee. [demonic ancestry]
   348 | D:1      | Reached XP level 2. HP: 21/22 MP: 2/2
   460 | D:1      | Found Duelan's Armour Emporium.
   699 | D:1      | Bought a +0 helmet for 49 gold pieces
   881 | D:2      | Found Ontiffeg's Antique Weapon Emporium.
  1442 | D:2      | Gained mutation: You have a pair of small horns on your
                  | head. [demonic ancestry]
  1442 | D:2      | Reached XP level 3. HP: 25/28 MP: 3/3
  2253 | D:3      | Found a faded altar of an unknown god.
  2455 | D:3      | Found a burning altar of Makhleb.
  2618 | D:3      | Found a basalt altar of Yredelemnul.
  2682 | D:3      | Gained mutation: You have a pair of horns on your head.
                  | [demonic ancestry]
  2682 | D:3      | Reached XP level 4. HP: 30/34 MP: 4/4
  3085 | D:4      | Noticed a scorpion
  3096 | D:4      | Killed a scorpion
  3097 | D:4      | Reached skill level 3 in Fighting
  3097 | D:4      | Gained mutation: You sometimes emit foul miasma when
                  | damaged in melee. [demonic ancestry]
  3097 | D:4      | Reached XP level 5. HP: 22/41 MP: 5/5
  3653 | D:4      | Gained mutation: You have a pair of large horns on your
                  | head. [demonic ancestry]
  3653 | D:4      | Reached XP level 6. HP: 47/47 MP: 6/6
  3875 | D:4      | Reached skill level 5 in Staves
  4532 | D:4      | Found a hazy altar of Hepliaklqana.
  4938 | D:5      | Entered Level 5 of the Dungeon
  4940 | D:5      | Noticed an ice beast
  4956 | D:5      | Killed an ice beast
  4957 | D:5      | Reached skill level 4 in Fighting
  4957 | D:5      | Gained mutation: You regenerate magic rapidly. [demonic
                  | ancestry]
  4957 | D:5      | Reached XP level 7. HP: 19/54 MP: 7/7
  5123 | D:4      | Reached skill level 1 in Crossbows
  5864 | D:5      | Noticed Prince Ribbit
  5874 | D:5      | Killed Prince Ribbit
  5875 | D:5      | Gained mutation: You are surrounded by a mild repulsion
                  | field. (EV +2) [demonic ancestry]
  5875 | D:5      | Reached XP level 8. HP: 61/61 MP: 8/8
  5956 | D:5      | Found a staircase to the Ecumenical Temple.
  5972 | Temple   | Entered the Ecumenical Temple
  6070 | Temple   | Became a worshipper of Warmaster Okawaru
  6493 | D:6      | Reached skill level 1 in Invocations
  6558 | D:6      | Reached skill level 5 in Fighting
  6558 | D:6      | Reached skill level 5 in Dodging
  7178 | D:6      | Reached * piety under Okawaru
  7429 | D:6      | Found a hide-covered altar of Uskayaw.
  7700 | D:6      | Found an ornate altar of the Wu Jian Council.
  7972 | D:7      | Gained mutation: You are surrounded by a moderate repulsion
                  | field. (EV +3) [demonic ancestry]
  7972 | D:7      | Reached XP level 9. HP: 68/68 MP: 10/12
  7995 | D:7      | Noticed a two-headed ogre
  8211 | D:6      | Reached ** piety under Okawaru
  8305 | D:7      | Killed a two-headed ogre
  8306 | D:7      | Reached skill level 5 in Invocations
  8364 | D:7      | Found a transporter.
  8371 | D:7      | Noticed math4jedi's ghost (novice HOFi)
  8382 | D:7      | Found a transporter.
  8518 | D:7      | Reached skill level 5 in Crossbows
  8904 | D:1      | Bought a +3 leather armour of willpower for 264 gold pieces
  9325 | D:7      | Found Haran's CLEARANCE SALE!.
  9333 | D:7      | Bought a +0 arbalest for 13 gold pieces
  9574 | D:8      | Reached *** piety under Okawaru
  9575 | D:8      | Gained mutation: You punish those that try to bend your
                  | will. (Will+) [demonic ancestry]
  9575 | D:8      | Reached XP level 10. HP: 9/74 MP: 15/15
  9945 | D:8      | Found a stormy altar of Qazlal.
  9959 | D:8      | Reached skill level 1 in Polearms
 10661 | D:9      | Found Fuosifek's Lightly-Used Armoury.
 10666 | D:9      | Noticed a two-headed ogre
 10676 | D:9      | Killed a two-headed ogre
 10949 | D:7      | Bought a condenser vane for 120 gold pieces
 11990 | D:9      | Received a gift from Okawaru
 12771 | D:10     | Entered Level 10 of the Dungeon
 12780 | D:10     | Reached **** piety under Okawaru
 12781 | D:10     | Reached skill level 6 in Fighting
 12786 | D:10     | Noticed Psyche
 12793 | D:10     | Noticed a two-headed ogre
 12799 | D:9      | Killed Psyche
 12864 | D:10     | Killed a two-headed ogre
 13169 | D:9      | Bought a -1 triple crossbow for 85 gold pieces
 13375 | D:10     | Noticed a centaur warrior
 13389 | D:10     | Killed a centaur warrior
 13390 | D:10     | Gained mutation: When hurt, damage is shared between your
                  | health and your magic reserves. [demonic ancestry]
 13390 | D:10     | Reached XP level 11. HP: 40/83 MP: 15/17
 13631 | D:10     | Found an opulent altar of Gozag.
 13703 | D:10     | Found a blossoming altar of Fedhas.
 13927 | D:7      | Bought a scroll of enchant weapon for 22 gold pieces
 13997 | D:11     | Noticed a six-headed hydra
 14157 | D:11     | Reached ***** piety under Okawaru
 14157 | D:11     | Killed a six-headed hydra
 14185 | D:11     | Noticed a sun demon
 14371 | D:11     | Received a gift from Okawaru
 14372 | D:11     | Reached skill level 7 in Fighting
 14506 | D:11     | Noticed a two-headed ogre
 14513 | D:11     | Killed a two-headed ogre
 14514 | D:11     | Reached skill level 10 in Invocations
 14989 | D:11     | Found a broken altar of Ashenzari.
 14991 | D:11     | Identified the +13 chain mail "Jeomym" {rF+ Str+4 Dex-5
                  | SInv}
 15072 | D:11     | Found a staircase to the Lair.
 15219 | Lair:1   | Entered Level 1 of the Lair of Beasts
 15223 | Lair:1   | Identified a scroll of acquirement
 15223 | Lair:1   | Acquired a manual of Crossbows
 15247 | Lair:1   | Noticed an eight-headed hydra
 15261 | Lair:1   | HP: 1/84 [eight-headed hydra (6)]
 15261 | Lair:1   | Killed an eight-headed hydra
 15437 | Lair:1   | Found a gate leading to a gauntlet.
 15454 | Gauntlet | Entered a Gauntlet
 15454 | Gauntlet | Noticed a fire crab
 15454 | Gauntlet | Found a large runed translucent door.
 15454 | Gauntlet | Found a large runed translucent door.
 15454 | Gauntlet | Found a large runed translucent door.
 15454 | Gauntlet | Found a large runed translucent door.
 15454 | Gauntlet | Found a large runed translucent door.
 15454 | Gauntlet | Found a large runed translucent door.
 15454 | Gauntlet | Found a transporter.
 15454 | Gauntlet | Found a large runed translucent door.
 15454 | Gauntlet | Found a large runed translucent door.
 15454 | Gauntlet | Found a runed translucent door.
 15454 | Gauntlet | Found a runed translucent gate.
 15454 | Gauntlet | Found a runed translucent gate.
 15454 | Gauntlet | Found a transporter.
 15454 | Gauntlet | Found a transporter.
 15462 | Gauntlet | a fire crab changed into a raiju
 15482 | Gauntlet | Noticed an orb spider
 15482 | Gauntlet | a shapeshifter changed into an orb spider
 15502 | Gauntlet | an orb spider changed into a queen bee
 15646 | Gauntlet | Found a transporter.
 15649 | Gauntlet | Found a transporter.
 15660 | Gauntlet | Found a transporter.
 15660 | Gauntlet | Found a transporter.
 15661 | Gauntlet | Found the +7 Spriggan's Knife {stab, EV+4 Stlth+}
 15662 | Gauntlet | Noticed a green death
 15671 | Gauntlet | Found a transporter.
 15687 | Gauntlet | Found a transporter.
 15689 | Gauntlet | Noticed a quicksilver ooze
 15692 | Gauntlet | Found a transporter.
 15695 | Gauntlet | Found a transporter.
 15695 | Gauntlet | Found the +2 ratskin cloak {*Rats rPois rN+ Str-1 Int-1
                  | Dex+1}
 15701 | Gauntlet | Noticed a necromancer
 15705 | Gauntlet | Found a transporter.
 15757 | Gauntlet | Found a runed translucent gate.
 15758 | Gauntlet | Found a large runed translucent door.
 15758 | Gauntlet | Found a large runed translucent door.
 15759 | Gauntlet | Found a large runed translucent door.
 15760 | Gauntlet | Found a large runed translucent door.
 15761 | Gauntlet | Found a large runed translucent door.
 15761 | Gauntlet | Found a large runed translucent door.
 15761 | Gauntlet | Found a runed translucent door.
 15762 | Gauntlet | Found a large runed translucent door.
 15763 | Gauntlet | Found a large runed translucent door.
 15849 | Gauntlet | Noticed a harpy
 15849 | Gauntlet | a wind drake changed into a harpy
 15941 | Gauntlet | Killed a necromancer
 16013 | Gauntlet | Noticed an orb spider
 16027 | Gauntlet | Noticed an anaconda
 16033 | Gauntlet | an orb spider changed into a shapeshifter
 16114 | Gauntlet | Killed a quicksilver ooze
 16115 | Gauntlet | Reached skill level 8 in Fighting
 16115 | Gauntlet | Reached XP level 12. HP: 86/92 MP: 20/20
 16157 | Gauntlet | Noticed a minotaur
 16170 | Gauntlet | Killed a minotaur
 16655 | Lair:1   | Reached skill level 10 in Crossbows
 16831 | Lair:1   | Found a blossoming altar of Fedhas.
 16885 | Lair:1   | Received a gift from Okawaru
 17259 | Lair:2   | Found a staircase to the Shoals.
 17273 | Lair:2   | Reached skill level 1 in Armour
 17337 | Lair:2   | Found a hole to the Spider Nest.
 17348 | Lair:2   | Reached skill level 9 in Fighting
 18597 | Lair:3   | Noticed Gastronok
 18611 | Lair:3   | Killed Gastronok
 18612 | Lair:3   | Reached XP level 13. HP: 97/102 MP: 23/23
 18783 | Lair:3   | Received a gift from Okawaru
 18936 | Lair:3   | Noticed Snorg
 18981 | Lair:3   | Killed Snorg
 18982 | Lair:3   | Reached skill level 10 in Fighting
 19619 | Lair:4   | Received a gift from Okawaru
 19629 | Lair:4   | Reached skill level 5 in Armour
 19915 | Lair:4   | Identified the +0 cloak of Free Will {rF+ rC+ Regen+}
                  | (Okawaru gifted it to you on level 4 of the Lair of Beasts)
 19915 | Lair:4   | Received a gift from Okawaru
 20611 | Lair:5   | Reached skill level 15 in Invocations
 20786 | Lair:5   | Reached skill level 1 in Evocations
 20981 | Lair:5   | You fall into a shaft and drop 1 floor!
 20981 | Lair:6   | Entered Level 6 of the Lair of Beasts
 21125 | Lair:6   | Gained mutation: You frequently emit foul miasma when
                  | damaged in melee. [demonic ancestry]
 21125 | Lair:6   | Reached XP level 14. HP: 110/110 MP: 25/25
 21130 | Lair:6   | Received a gift from Okawaru
 21141 | Lair:6   | Identified the +1 chain mail of Truth {*Corrode +Inv rC+
                  | Will+}
 21281 | Lair:6   | Noticed Kirke
 21295 | Lair:6   | Killed Kirke
 21505 | Lair:6   | Found a viscous altar of Jiyva.
 21509 | Lair:6   | Found a staircase to the Slime Pits.
 21913 | Lair:6   | Reached skill level 5 in Evocations
 22013 | Lair:6   | Identified the ring of Relativism {rN+ Slay+4}
 22234 | Lair:6   | Reached ****** piety under Okawaru
 22322 | Lair:6   | Got Kikubaaqudgh's Compendium of Unholy Secrets
 22563 | D:12     | Found a staircase to the Orcish Mines.
 22656 | D:12     | Reached skill level 15 in Crossbows
 22704 | D:12     | Found a frozen archway.
 22711 | D:12     | Received a gift from Okawaru
 22743 | IceCv    | Entered an ice cave
 23090 | IceCv    | Reached skill level 10 in Staves
 23609 | Orc:1    | Entered Level 1 of the Orcish Mines
 23672 | Orc:1    | Noticed an orc warlord
 23707 | Arena    | Entered the Arena
 23716 | Arena    | Killed an orc warlord
 23717 | Arena    | Reached XP level 15. HP: 104/115 MP: 11/26
 23736 | Orc:1    | Identified the +8 quarterstaff of Optimality {vorpal,
                  | *Noise Will+ Dex+7} (Okawaru gifted it to you on level 1 of
                  | the Orcish Mines)
 23736 | Orc:1    | Received a gift from Okawaru
 23976 | Orc:2    | Entered Level 2 of the Orcish Mines
 23976 | Orc:2    | Found Ulynt's Antique Weapon Shop.
 24373 | Orc:2    | Received a gift from Okawaru
 24393 | Orc:2    | Found Vamenier's Magic Scroll Shoppe.
 24434 | Orc:2    | Found Ibrasib's Antique Armour Boutique.
 24435 | Orc:2    | Found Wecar's Distillery.
 24499 | Orc:2    | Noticed Josephine
 24602 | Orc:2    | Killed Josephine
 24602 | Orc:2    | Received a gift from Okawaru
 24707 | Orc:2    | Found a staircase to the Elven Halls.
 25350 | Orc:2    | Bought a pair of embroidered boots for 225 gold pieces
 25373 | Orc:2    | Bought a buzzing plate armour for 840 gold pieces
 25373 | Orc:2    | Identified the +9 plate armour of the Gloaming {Drain
                  | Regen+ Int+4 Slay+5} (You bought it in a shop on level 2 of
                  | the Orcish Mines)
 25443 | D:13     | Reached skill level 11 in Fighting
 25447 | D:13     | Identified the +0 chain mail of Imuwifie {Fly rCorr Str+2
                  | Int-3 Dex+3} (Okawaru gifted it to you on level 13 of the
                  | Dungeon)
 25447 | D:13     | Received a gift from Okawaru
 26281 | D:14     | Found a hide-covered altar of Uskayaw.
 26336 | D:14     | Found a hazy altar of Hepliaklqana.
 26689 | D:14     | Reached skill level 12 in Fighting
 26772 | D:14     | Found a gate to the Vaults.
 27100 | D:14     | Reached XP level 16. HP: 113/128 MP: 24/27
 27100 | D:14     | Received a gift from Okawaru
 27362 | D:15     | Entered Level 15 of the Dungeon
 27367 | D:15     | Noticed Rupert
 27380 | D:15     | Killed Rupert
 27437 | D:15     | Received a gift from Okawaru
 27519 | D:15     | Reached skill level 13 in Fighting
 27678 | D:15     | Paralysed by a great orb of eyes for 3 turns
 27940 | D:15     | Found an opulent altar of Gozag.
 28003 | Arena    | Entered the Arena
 28081 | D:15     | Found a staircase to the Depths.
 28235 | D:15     | Noticed Azrael
 28242 | D:15     | Killed Azrael
 28893 | Orc:2    | Bought a scroll of fog for 26 gold pieces
 28893 | Orc:2    | Bought 3 scrolls of silence for 292 gold pieces
 28893 | Orc:2    | Bought a scroll of enchant weapon for 97 gold pieces
 29021 | D:7      | Killed math4jedi's ghost
 29164 | Spider:1 | Entered Level 1 of the Spider Nest
 29319 | Spider:1 | Reached skill level 14 in Fighting
 29408 | Spider:1 | Received a gift from Okawaru
 30021 | Spider:1 | Noticed Nikola
 30032 | Spider:1 | Killed Nikola
 31204 | Spider:3 | Identified the +1 crystal plate armour "Cuevveixt" {+Blink
                  | rC- Will+ Int+2} (Okawaru gifted it to you on level 3 of
                  | the Spider Nest)
 31204 | Spider:3 | Received a gift from Okawaru
 31231 | Spider:3 | Noticed oldmanjim's ghost (adept HOFi)
 31234 | Spider:3 | Found a transporter.
 31250 | Spider:3 | Acquired a +2 vampiric lajatang
 31264 | Spider:3 | Acquired 985 gold pieces
 31427 | Spider:3 | Found a transporter.
 31566 | Spider:3 | Reached XP level 17. HP: 139/139 MP: 28/28
 31682 | Spider:3 | Noticed Agnes
 31702 | Spider:3 | Killed Agnes
 32043 | Spider:4 | Entered Level 4 of the Spider Nest
 32824 | Spider:4 | Identified the +6 quarterstaff of Untimely Demise {vorpal,
                  | *Slow rN+ rCorr} (Okawaru gifted it to you on level 4 of
                  | the Spider Nest)
 32824 | Spider:4 | Received a gift from Okawaru
 33295 | Spider:4 | Got a gossamer rune of Zot
 33704 | Elf:1    | Entered Level 1 of the Elven Halls
 33708 | Elf:1    | Received a gift from Okawaru
 33778 | Elf:1    | Paralysed by an air elemental for 1 turns
 33780 | Elf:1    | Paralysed by an air elemental for 1 turns
 33816 | Elf:1    | Paralysed by an air elemental for 1 turns
 33819 | Elf:1    | Paralysed by an air elemental for 1 turns
 33824 | Elf:1    | Paralysed by an air elemental for 1 turns
 33825 | Elf:1    | Noticed an Ice Fiend
 33825 | Arena    | Entered the Arena
 33851 | Elf:1    | Paralysed by an air elemental for 1 turns
 34616 | Elf:1    | Reached XP level 18. HP: 147/147 MP: 29/29
 34828 | Elf:2    | Found Qotsuq's Armour Boutique.
 34869 | Elf:2    | Found a huge runed translucent gate.
 34869 | Elf:2    | Found a huge runed translucent gate.
 34880 | Elf:2    | Found a huge runed translucent gate.
 34906 | Elf:2    | Found Mawkeer's Armour Shoppe.
 34978 | Elf:2    | Bought the +1 cloak of Utauheg {Will+} for 331 gold pieces
 35112 | Elf:2    | Found Kuw Owud's Weapon Shoppe.
 35161 | Elf:2    | Received a gift from Okawaru
 35186 | Elf:2    | Found Pos Roy's Book Shoppe.
 35363 | Elf:2    | Reached skill level 15 in Fighting
 35379 | Elf:2    | Identified the +1 robe of Okawaru's Displeasure {rF+}
                  | (Okawaru gifted it to you on level 2 of the Elven Halls)
 35379 | Elf:2    | Received a gift from Okawaru
 35465 | Elf:2    | Found Guet's Distillery.
 35476 | Elf:2    | Bought a potion of might for 60 gold pieces
 35786 | Elf:2    | Found a huge runed translucent gate.
 35786 | Elf:2    | Found a huge runed translucent gate.
 36376 | Elf:3    | Entered Level 3 of the Elven Halls
 36595 | Elf:3    | Found Kuthrud's Distillery.
 36598 | Elf:3    | Bought a potion of resistance for 180 gold pieces
 36985 | Elf:3    | Noticed a Tzitzimitl
 36990 | Elf:3    | Gained mutation: Your body sometimes deteriorates upon
                  | taking damage. [a neqoxec]
 37017 | Elf:3    | Reached skill level 16 in Fighting
 37034 | Elf:3    | Reached skill level 10 in Evocations
 37048 | Elf:3    | Received a gift from Okawaru
 37372 | Elf:3    | Reached skill level 10 in Dodging
 37429 | Elf:3    | Received a gift from Okawaru
 37430 | Elf:3    | Reached skill level 10 in Armour
 37436 | Elf:3    | Reached XP level 19. HP: 107/159 MP: 19/30
 37556 | Elf:3    | HP: 3/159 [deep elf master archer/arrow (11)]
 37657 | Elf:3    | Received a gift from Okawaru
 37724 | Elf:3    | Reached skill level 17 in Fighting
 37729 | Elf:3    | Identified the +6 quarterstaff of the Slime-mould {spect,
                  | Drain rC+++ rN++ Dex+2}
 37729 | Elf:3    | Identified the ring "Vomam" {rF- rN+ rCorr Str+6 Stlth+}
 37945 | Elf:3    | Got the Handbook of Envenoming
 38014 | Elf:3    | Identified the +8 scale mail of Time Monsters {rF+ Str+3}
 38382 | Shoals:1 | Entered Level 1 of the Shoals
 38460 | Shoals:1 | You fall into a shaft and drop 1 floor!
 38488 | Shoals:1 | Found a runed translucent gate.
 38488 | Shoals:1 | Found a runed translucent gate.
 38488 | Shoals:1 | Found a runed translucent gate.
 38648 | Shoals:1 | Noticed Donald
 38652 | Shoals:1 | Killed Donald
 38920 | Shoals:1 | Received a gift from Okawaru
 39088 | Shoals:1 | Noticed finalsalamander's ghost (adept HOMo)
 39430 | Shoals:2 | Found Soupiecs's Distillery.
 39718 | Shoals:2 | Reached skill level 18 in Fighting
 40007 | Shoals:3 | Noticed Mara
 40071 | Shoals:3 | Noticed mainiacjoe's illusion
 40352 | Shoals:3 | Noticed mainiacjoe's illusion
 40406 | Shoals:3 | Noticed mainiacjoe's illusion
 40439 | Shoals:3 | Killed Mara
 40638 | Shoals:3 | Found a runed translucent door.
 40643 | Shoals:3 | Noticed Bai Suzhen
 40725 | Shoals:3 | Noticed Ilsuiw
 40740 | Shoals:3 | Killed Ilsuiw
 40794 | Shoals:3 | Killed Bai Suzhen
 40945 | Shoals:4 | Entered Level 4 of the Shoals
 40974 | Shoals:4 | Identified the +8 triple crossbow of Okawaru's Hatred
                  | {elec, rN+} (Okawaru gifted it to you on level 4 of the
                  | Shoals)
 40974 | Shoals:4 | Received a gift from Okawaru
 41178 | Shoals:4 | Acquired the +8 hand crossbow of Disembowelment {penet,
                  | Int+4}
 41254 | Shoals:4 | Gained mutation: You are surrounded by a strong repulsion
                  | field. (EV +4, RMsl) [demonic ancestry]
 41254 | Shoals:4 | Reached XP level 20. HP: 172/172 MP: 31/31
 41294 | Shoals:4 | Identified the +1 trident of Dung {flame, rElec Int+3}
 41327 | Shoals:4 | Reached skill level 19 in Fighting
 41459 | Shoals:4 | Received a gift from Okawaru
 41667 | Shoals:4 | Got a barnacled rune of Zot
 41668 | Shoals:4 | Identified the +8 war axe of Jiruvueq {vamp, Drain rElec
                  | rF+ rN+}
 41695 | Shoals:4 | Identified the +10 war axe of the First Nightcaps {spect,
                  | Will+ Str+2 Stlth+}
 41875 | Vaults:1 | Entered Level 1 of the Vaults
 42074 | Vaults:1 | Received a gift from Okawaru
 42631 | Vaults:1 | Reached skill level 20 in Fighting
 42702 | Vaults:1 | Received a gift from Okawaru
 42953 | Vaults:1 | Identified the +1 buckler "Oluiwer" {rPois MP+9} (Okawaru
                  | gifted it to you on level 1 of the Vaults)
 42953 | Vaults:1 | Received a gift from Okawaru
 43691 | Vaults:2 | Reached XP level 21. HP: 137/183 MP: 23/32
 43769 | Vaults:2 | Reached skill level 15 in Armour
 44065 | Vaults:2 | Found Hiufemaa's Book Shoppe.
 44085 | Vaults:2 | Identified the +1 quarterstaff of Sunlight {speed, Int+5}
                  | (Okawaru gifted it to you on level 2 of the Vaults)
 44085 | Vaults:2 | Received a gift from Okawaru
 44977 | Vaults:3 | Found a crumbling gateway.
 45041 | Vaults:3 | Received a gift from Okawaru
 45093 | Desolati | Entered the Desolation of Salt
 45276 | Desolati | Received a gift from Okawaru
 45786 | Desolati | Identified the +1 leather armour of Fashionability {Will+
                  | Int+3}
 45796 | Desolati | Identified the +4 scale mail of Zagot {Str+3}
 45854 | Desolati | Got Sif Muna's Almanac of Curses
 46065 | Desolati | Identified the +5 quarterstaff of Causality {spect, rPois
                  | rF++ Will- SInv}
 46089 | Desolati | Identified the ring of the Crushed Seas {Fire rElec MP+9}
 46180 | Desolati | Identified the ring of Ampa {Ice rPois Str-4 SInv}
 46331 | Desolati | Identified the ring "Yrecajo" {rElec rF+++ rC+ Str-5 Dex+6}
 46397 | Desolati | Identified the +7 dagger of the Dead {spect, rElec rN+
                  | Dex-4}
 46599 | Vaults:3 | Reached XP level 22. HP: 190/190 MP: 33/33
 46716 | Vaults:3 | Received a gift from Okawaru
 46805 | Vaults:3 | Found Gintauc's Book Shop.
 47229 | Vaults:3 | Received a gift from Okawaru
 47329 | Vaults:3 | Found a staircase to the Crypt.
 47359 | Crypt:1  | Entered Level 1 of the Crypt
 47482 | Crypt:1  | Acquired the +3 pair of gauntlets of War {Slay+5}
 47482 | Crypt:1  | Found the +3 pair of gauntlets of War {Slay+5}
 47551 | Crypt:1  | Received a gift from Okawaru
 47552 | Crypt:1  | Found the +6 arbalest "Damnation" {damnation}
 47813 | Crypt:1  | Found a basalt altar of Yredelemnul.
 48178 | Crypt:1  | Found an ancient bone altar of Kikubaaqudgha.
 48192 | Crypt:1  | Got Xuposh's Guide on Black Magic
 48343 | Crypt:1  | Found a runed translucent door.
 48344 | Crypt:1  | Noticed Naexzyxton's ghost (veteran MfWn)
 48620 | Crypt:1  | Killed Naexzyxton's ghost
 48885 | Crypt:2  | Received a gift from Okawaru
 48998 | Crypt:2  | Noticed Jory
 49004 | Crypt:2  | Killed Jory
 49382 | Crypt:3  | Entered Level 3 of the Crypt
 49455 | Crypt:3  | Found a staircase to the Tomb.
 49508 | Crypt:3  | Received a gift from Okawaru
 49514 | Crypt:3  | Noticed Sojobo
 49531 | Crypt:3  | Killed Sojobo
 49532 | Crypt:3  | Reached skill level 15 in Evocations
 49549 | Crypt:3  | Paralysed by a vampire knight for 5 turns
 49622 | Crypt:2  | Reached skill level 21 in Fighting
 50255 | Crypt:3  | Noticed Xtahua
 50295 | Crypt:3  | Killed Xtahua
 50345 | Crypt:3  | Identified the +4 cloak of Inviolability {Regen+ Int+3}
                  | (Okawaru gifted it to you on level 3 of the Crypt)
 50345 | Crypt:3  | Received a gift from Okawaru
 50534 | Crypt:3  | Gained mutation: You are resistant to unholy torment.
                  | [demonic ancestry]
 50534 | Crypt:3  | Reached XP level 23. HP: 200/200 MP: 34/34
 50549 | Crypt:3  | Found a basalt altar of Yredelemnul.
 50788 | Crypt:3  | Noticed a royal mummy
 50809 | Crypt:3  | Killed a royal mummy
 50838 | Crypt:3  | Identified the amulet of Alycw {RegenMP rElec Str+6 Dex-4
                  | Stlth+}
 50848 | Crypt:3  | Identified the ring "Jealo" {rElec rF+ rC+ Int+2 Stlth+}
 50849 | Crypt:3  | Identified the ring of Youthful Indiscretion {rElec rF+
                  | rCorr Str+4 Dex-2}
 50854 | Crypt:3  | Identified the amulet "Fiejeru" {RegenMP rC+}
 50865 | Crypt:3  | Identified the ring of Ziops {rC+ rN+ Int+2 SInv}
 50865 | Crypt:3  | Identified the ring "Kuohasch" {*Corrode rN+ Int+9 Dex-3
                  | Stlth+}
 50867 | Crypt:3  | Got the Volume of Unholy Arts
 50906 | Crypt:3  | Upgraded the game from 0.28-a0-1087-gf3fc490d9d to
                  | 0.28-a0-1117-g0bdd5ba030
 51185 | Depths:1 | Entered Level 1 of the Depths
 52742 | Depths:1 | Noticed a caustic shrike
 52750 | Arena    | Entered the Arena
 52761 | Arena    | Killed a caustic shrike
 52881 | Depths:1 | Found a gateway to a ziggurat.
 52908 | Depths:1 | Reached skill level 22 in Fighting
 53212 | Depths:1 | Found a gateway to Hell.
 53364 | Depths:1 | Received a gift from Okawaru
 53630 | Depths:2 | You fall into a shaft and drop 2 floors!
 53630 | Depths:4 | Entered Level 4 of the Depths
 53630 | Depths:4 | Noticed Frederick
 53633 | Arena    | Entered the Arena
 53644 | Arena    | Killed Frederick
 53700 | Depths:4 | Received a gift from Okawaru
 53706 | Depths:4 | Noticed Saint Roka
 53793 | Depths:4 | Received a gift from Okawaru
 53959 | Depths:4 | Found a one-way gate to the infinite horrors of the Abyss.
 54031 | Depths:4 | Killed Saint Roka
 54084 | Depths:4 | Found a gate to the Realm of Zot.
 54342 | Depths:3 | Found the +7 lajatang of Order {silver, rMut}
 54480 | Depths:3 | Identified the +5 quarterstaff "Aqay" {speed, rPois rN++}
                  | (Okawaru gifted it to you on level 3 of the Depths)
 54480 | Depths:3 | Received a gift from Okawaru
 54731 | Depths:3 | Found Tepp's Jewellery Emporium.
 54740 | Depths:3 | Found Gewuaf's Assorted Antiques.
 54751 | Depths:3 | Bought a scroll of teleportation for 72 gold pieces
 54751 | Depths:3 | Bought a scroll of brand weapon for 480 gold pieces
 54800 | Depths:3 | Found a corrupted altar of Lugonu.
 54800 | Depths:3 | Identified the ring "Sebub" {rN+ EV+4}
 54899 | Depths:3 | Reached skill level 23 in Fighting
 55046 | Depths:3 | Noticed Boris
 55147 | Depths:3 | Killed Boris
 55168 | Depths:3 | Received a gift from Okawaru
 55179 | Depths:3 | Gained mutation: When low on magic, you restore magic in
                  | place of health. [demonic ancestry]
 55179 | Depths:3 | Reached XP level 24. HP: 214/214 MP: 34/34
 55912 | Depths:2 | Reached skill level 24 in Fighting
 56047 | Depths:2 | Found an ornate altar of the Wu Jian Council.
 56058 | Depths:2 | Found a one-way gate leading to the halls of Pandemonium.
 56204 | Depths:2 | Received a gift from Okawaru
 56417 | Depths:2 | Identified the +0 fire dragon scales of Peideppitu {rF++
                  | rC- rN+} (Okawaru gifted it to you on level 2 of the
                  | Depths)
 56417 | Depths:2 | Received a gift from Okawaru
 56911 | Depths:2 | Reached skill level 25 in Fighting
 58389 | Vaults:4 | Noticed Boris
 58399 | Vaults:4 | Killed Boris
 58819 | Vaults:4 | Reached skill level 26 in Fighting
 58878 | Vaults:4 | Identified the +5 kite shield of Hoanusaxae {Will+}
                  | (Okawaru gifted it to you on level 4 of the Vaults)
 58878 | Vaults:4 | Received a gift from Okawaru
 59547 | Vaults:5 | Entered Level 5 of the Vaults
 59599 | Vaults:4 | Reached XP level 25. HP: 133/232 MP: 28/34
 59972 | Vaults:5 | Noticed an ancient lich
 59990 | Vaults:4 | HP: 7/230 [something/bolt of acid (69)]
 59990 | Vaults:4 | Shot with a bolt by a yaktaur captain

Illustrated notes

Levels and vault maps discovered:
D:1:      ncdulo_halloftheorcs, layout_loops_ring, serial_shops, shop
D:2:      layout_basic, serial_forest, infiniplex_forest_fountain,
          infiniplex_forest_corner_1, infiniplex_forest_end_1,
          infiniplex_forest_fountain, infiniplex_forest_straight_2,
          infiniplex_forest_split, infiniplex_forest_clump_small, serial_shops,
          shop, wad_woods_river_04, due_unseen_surprise
D:3:      layout_basic, mainiacjoe_overflow_catch_the_wave,
          hellmonk_ecumenical_altar_lost_god
D:4:      layout_basic, lemuel_coloured_pillars_altar, amcnicky_mini_pool_small
D:5:      layout_cave_pools, minmay_temple_entry_antechambers,
          uniq_prince_ribbit1
D:6:      layout_basic, mainiacjoe_overflow_concentric_impassable,
          lemuel_tele_altar
D:7:      layout_cave_pools, gammafunk_ghost_stat_death, nicolae_shop_clearance
D:8:      layout_loops_ring, old_standard_altar
D:9:      layout_stronghold, minmay_shop_damaged, moated_statue, st_stairs_3
D:10:     layout_rooms, kennysheep_little_box, fedhas_altar_fruit_tree,
          uniq_psyche
D:11:     layout_cave_pools, erik_lair_orcish_takeover, serial_column_ruins,
          column_ruins_open_tiny, column_ruins_columns_corner,
          column_ruins_open_small, column_ruins_open_tiny,
          cheibrodos_ashenzari_chains
D:12:     layout_basic, orc_0_dummy, portal_ice_cave_entry_pillars_2,
          minivault_8
D:13:     nicolae_cairo_tiling_large, layout_cross, fountainhead
D:14:     layout_grid_maze, grunt_vaults_entry_fortified,
          nicolae_uskayaw_en_pointe, nicolae_hepliaklqana_hazy_memory
D:15:     grunt_enter_depths_magical_seal, layout_loops_corners,
          corexii_leaking_fountain, grunt_gozag_breadcrumbs, uniq_azrael,
          uniq_rupert
Temple:   jpeg_temple_clearing
Lair:1:   layout_chaotic_city, gauntlet_entry_generic, hangedman_tree_tricks,
          serial_bayou_shore_a, grunt_megastairs_4
Lair:2:   layout_layer_cave, minmay_shoals_entry_beasts, spider_nest_entry_a,
          grunt_megastairs_3
Lair:3:   minmay_lair_venomous_thicket, layout_cave_pods,
          chequers_serial_rivers_small_b, uniq_gastronok, uniq_snorg
Lair:4:   layout_gridlike
Lair:5:   layout_regular_city, infiniplex_staircase_pool
Lair:6:   due_jungle_book, layout_long_grid, slime_altar_1, uniq_kirke
Shoals:1: layout_shoals, gammafunk_ghost_tricky_traps, nicolae_shoals_shepherds,
          uniq_donald
Shoals:2: layout_shoals, serial_shops, nicolae_lakefront_shop
Shoals:3: layout_shoals, lightli_airlock, uniq_ilsuiw, uniq_mara,
          uniq_bai_suzhen
Shoals:4: shoals_end_hellmonk_lost_city
Spider:1: layout_chambers, uniq_nikola
Spider:2: layout_spider_delve, nicolae_spider_bzzzt
Spider:3: layout_spider_delve, gammafunk_ghost_arena, uniq_agnes
Spider:4: grunt_spider_rune_parallel
Orc:1:    layout_caves, nicolae_orc_crystal_geode
Orc:2:    st_orc_open, layout_caves, nicolae_orc_tapped_out, uniq_josephine
Elf:1:    elf_arrival_001, layout_geoelf_grid, minmay_elf_demonology
Elf:2:    elven_hall_of_blades_hangedman_alternative
          [nicolae_blade_entry_pointy_end], layout_onion_city, serial_shops,
          nicolae_shop_behind_doors, nicolae_shop_crystal,
          nicolae_shop_bloodbath_and_beyond, shop, shop
Elf:3:    minmay_elf_hall_hex, layout_geoelf_octagon, serial_shops, shop,
          library_closet, minivault_14
Vaults:1: nicolae_vaults_arrows, grunt_vaults_diagonal,
          nicolae_vaults_what_the_h, v_alt_pattern_6,
          nicolae_vaults_mini_display_case, nicolae_vaults_twisting_passages,
          nicolae_vaults_little_squares_1, v_misc_13,
          nicolae_vaults_border_crossing, nicolae_vaults_little_ls,
          grunt_vaults_focal, nicolae_vaults_specimen_jars,
          nicolae_vaults_gold_heap, special_room_vaults [special_room_orc],
          layout_vaults_maze
Vaults:2: st_quartered_hall, vaults_room_pools, v_misc_9,
          hangedman_vaults_stagger, hangedman_vaults_slice,
          ontoclasm_vaults_idyll, vaults_room_corners,
          ontoclasm_vaults_loading_screen, nicolae_vaults_rhombus_6,
          nicolae_vaults_little_squares_2, dpeg_vaults_monster_box,
          grunt_vaults_hallway_short, vaults_dpeg_diagonal,
          vaults_room_stairs_pillars, layout_vaults_big_room, serial_shops,
          nicolae_shop_crystal
Vaults:3: portal_desolation_entry_ruin, nicolae_vaults_an_arrangement,
          minmay_crypt_entry_skeletal_spiral, v_misc_8, v_pattern_2,
          vaults_mumra_hex, ontoclasm_vaults_eye, ontoclasm_vaults_gateway,
          v_misc_1, vaults_room_pool, layout_vaults_omnibox, serial_shops, shop
Vaults:4: nicolae_vaults_triangles, v_rooms_1, hangedman_vaults_river_flow,
          v_misc_17, v_alt_pattern_2, st_lattice, serial_ice_h,
          layout_vaults_omnigrid
Vaults:5: serial_shops
Crypt:1:  layout_misc_corridors, ebering_ghost_inner_flame,
          hangedman_crypt_dual_shrines, grunt_crypt_arrival_split,
          grunt_megastairs_2
Crypt:2:  layout_chaotic_city, uniq_jory
Crypt:3:  church_of_pain_bobbens, layout_chaotic_city, st_stairs_11,
          amcnicky_mini_rare_corridor_liquid, uniq_sojobo, uniq_xtahua
Depths:1: layout_basic, enter_ziggurat_e, lightli_too_deep, dk_noncrumbling_3,
          lemuel_flames_and_gold, kennysheep_random_hallway,
          serial_bayou_shore_b
Depths:2: hangedman_slaughterboxes, hell_entry, pan_entry, abyss_entry
Depths:3: wander_protected_by_tso, layout_cave_pools, hellmouth_1,
          abyss_entry_flame_altar, infiniplex_staircase_diamond,
          minmay_shoptagon, firewood_loft, uniq_boris
Depths:4: evilmike_zot_entry_argh, layout_cave_pools, hell_entry, abyss_entry,
          zin_treasury, uniq_frederick, uniq_saint_roka

Skill      XL: |  1  2  3  4  5  6  7  8  9 10 11 12 13 14 15 16 17 18 19 20 21 22 23 24 |
---------------+-------------------------------------------------------------------------+-----
Staves         | 3 4 5 6 7 9 10 11 13 | 13.9
Dodging        | 3 4 5 6 7 8 10 | 10.0
Fighting       | 3 4 5 6 8 9 10 12 14 16 18 20 21 23 26 | 26.8
Crossbows      | 2 3 5 7 9 11 14 15 16 17 19 20 21 | 21.0
Invocations    | 4 7 9 11 13 15 | 15.0
Polearms       | 2 |  2.0
Armour         | 4 7 8 10 11 14 17 18 20 | 20.0
Evocations     | 2 7 8 10 13 15 | 15.0
Throwing       | |  1.7

Action                   |  1- 3 |  4- 6 |  7- 9 | 10-12 | 13-15 | 16-18 | 19-21 | 22-24 | 25-27 || total
-------------------------+-------+-------+-------+-------+-------+-------+-------+-------+-------++-------
Melee: Quarterstaff      |   156 |    80 |   126 |   136 |   717 |   131 |   789 |   932 |       ||  3067
       Headbutt          |    30 |    12 |    38 |    68 |   169 |   162 |   309 |   412 |    18 ||  1218
       Halberd           |       |       |    74 |   203 |       |       |       |       |       ||   277
       Lajatang          |       |       |       |       |       |   553 |   213 |   437 |    72 ||  1275
       Triple crossbow   |       |       |       |       |       |     1 |       |       |       ||     1
 Fire: Hand crossbow     |       |     5 |    46 |       |       |       |     8 |       |       ||    59
       Arbalest          |       |       |    20 |    85 |       |       |       |     5 |       ||   110
       Triple crossbow   |       |       |       |   118 |   332 |   601 |   734 |   680 |       ||  2465
Throw: Stone             |    39 |    23 |       |       |       |       |       |       |       ||    62
       Dart              |       |    24 |    60 |    28 |    21 |    12 |       |       |       ||   145
       Javelin           |       |       |     7 |       |    14 |       |    16 |       |       ||    37
       Boomerang         |       |       |       |     7 |    84 |    65 |       |       |       ||   156
Invok: Heroism           |       |       |     1 |     7 |     7 |     3 |     7 |     4 |     1 ||    30
       Finesse           |       |       |       |     1 |     6 |       |     5 |     5 |     1 ||    18
       Duel              |       |       |       |       |     1 |     2 |       |     2 |       ||     5
Evoke: Wand              |       |       |     1 |       |       |     1 |       |     1 |       ||     3
       Condenser vane    |       |       |       |       |     3 |     1 |     3 |     3 |       ||    10
       Tin of tremorston |       |       |       |       |       |       |     2 |     2 |       ||     4
  Use: Scroll            |       |     1 |     6 |    19 |     8 |     9 |    10 |     4 |     2 ||    59
       Potion            |       |       |       |     3 |       |     7 |       |     1 |       ||    11
 Stab: Paralysed         |       |       |     5 |       |       |       |       |       |       ||     5
       Distracted        |       |       |       |     1 |     7 |     3 |    18 |    10 |       ||    39
       Confused          |       |       |       |       |     1 |       |       |       |       ||     1
Armor: Ring mail         |    36 |    29 |    49 |       |       |       |       |       |       ||   114
       Leather armour    |       |       |     5 |    63 |       |       |       |       |       ||    68
       Chain mail        |       |       |       |   102 |   281 |       |       |       |       ||   383
       Plate armour      |       |       |       |       |    49 |   640 |   499 |   711 |   103 ||  2002
Dodge: Dodged            |    53 |    47 |   162 |   383 |   617 |   672 |   793 |   825 |    81 ||  3633
       Repelled          |       |       |       |       |       |       |     7 |    17 |       ||    24
Block: Other             |       |       |    34 |    84 |    84 |    56 |   201 |   129 |    21 ||   609
       Reflection        |       |       |       |    12 |    10 |     6 |    46 |     5 |       ||    79

Table legend: (Time is in decaauts)
 A = Elapsed time spent in this place.
 B = Non-inter-level travel time spent in this place.
 C = Inter-level travel time spent in this place.
 D = Time resting spent in this place.
 E = Time spent auto-exploring this place.
 F = Levels seen in this place.
 G = Mean time per level.
                   A        B        C        D        E       F      G
               +--------+--------+--------+--------+--------+-----+--------+
         Total |  59528 |  53876 |   5652 |   5162 |  33755 |  55 | 1082.3 |
       Dungeon |  20397 |  17421 |   2976 |   3090 |  10734 |  15 | 1359.8 |
        Temple |    124 |     72 |     52 |      0 |     55 |   1 |  124.0 |
          Lair |   6489 |   6009 |    480 |    167 |   4321 |   6 | 1081.5 |
        Shoals |   3603 |   3352 |    251 |    104 |   1975 |   4 |  900.8 |
   Spider Nest |   4450 |   4263 |    187 |     92 |   3071 |   4 | 1112.5 |
  Orcish Mines |   1803 |   1534 |    269 |    159 |    842 |   2 |  901.5 |
   Elven Halls |   4509 |   4261 |    248 |    389 |   2512 |   3 | 1503.0 |
        Vaults |   6030 |   5563 |    467 |    306 |   3543 |   5 | 1206.0 |
         Crypt |   3750 |   3389 |    361 |    118 |   2266 |   3 | 1250.0 |
        Depths |   5577 |   5219 |    358 |    351 |   3354 |   4 | 1394.2 |
      Ice Cave |    429 |    429 |      0 |     33 |     83 |   1 |  429.0 |
    Desolation |   1314 |   1314 |      0 |     27 |    597 |   1 | 1314.0 |
      Gauntlet |    937 |    937 |      0 |    270 |    399 |   1 |  937.0 |
         Arena |    112 |    112 |      0 |     53 |      0 |   5 |   22.4 |
               +--------+--------+--------+--------+--------+-----+--------+

Top non-repeatable levels by time:
     D:4: 2589 daAuts
     D:6: 1932 daAuts
     D:8: 1909 daAuts
Depths:2: 1896 daAuts
   Elf:3: 1862 daAuts
     D:9: 1737 daAuts
Vaults:4: 1638 daAuts
Vaults:2: 1631 daAuts
   Elf:2: 1585 daAuts
    D:14: 1554 daAuts
 Crypt:1: 1526 daAuts
     D:2: 1520 daAuts
Depths:1: 1505 daAuts
  Lair:6: 1432 daAuts
Spider:4: 1381 daAuts
